 Dungeon Crawl Stone Soup version 0.29.0-4-gdea44cf6ec (webtiles) character file.

Game seed: 3369317846514978911

63 qw the Chopper (level 4, -2/28 HPs)
             Began as a Gargoyle Fighter on Sept 6, 2022.
             Slain by Terence
             ... wielding a +0 hand axe
              (8 damage)
             ... on level 2 of the Dungeon.
             The game lasted 00:00:35 (1124 turns).

qw the Chopper (Gargoyle Fighter)                   Turns: 1124, Time: 00:00:35

Health: -2/28      AC:  0    Str: 22    XL:     4   Next: 10%
Magic:  4/4        EV: 17    Int:  8    God:
Gold:   28         SH:  0    Dex: 14    Spells: 3/3 levels left

rFire   . . .      SeeInvis .   (weapon currently unavailable)
rCold   . . .      Faith    .   (shield currently unavailable)
rNeg    + . .      Spirit   .   (body armour currently unavailable)
rPois   inf        Reflect  .   (helmet currently unavailable)
rElec   .          Harm     .   (cloak currently unavailable)
rCorr   .          Rampage  .   (gloves currently unavailable)
Will    .....                   (boots currently unavailable)
Stlth   +.........              (no amulet)
HPRegen 0.09/turn               (ring currently unavailable)
MPRegen 0.09/turn               (ring currently unavailable)

@: about to teleport, bat-form, flying, very quick
A: fast, flying, no casting, sickness immunity, AC +3, tiny, negative energy
resistance 1, (electricity resistance), torment resistance 1, petrification
resistance
a: no special abilities


You were on level 2 of the Dungeon.
You were a bat.
You visited 1 branch of the dungeon, and saw 2 of its levels.

You collected 67 gold pieces.
You spent 39 gold pieces at shops.


Innate Abilities, Weirdness & Mutations

You are a bat.
You are tiny and dextrous.
You move quickly.
You are flying.
Your equipment is almost entirely melded.
You are incapable of wielding weapons or throwing items.
You cannot cast spells.
You are immune to sickness and miasma.
((Your stone body is resilient. (AC +3)))
You are immune to poison.
You resist negative energy. (rN+)
((You are resistant to electric shocks. (rElec)))
You are resistant to unholy torment.
You are immune to petrification.


   Skills:
 - Level 3.2 Fighting
 + Level 3.9 Axes
 - Level 3.2 Armour
 - Level 3.2 Shields


You had 3 spell levels left.
You didn't know any spells.
Your spell library was empty.

Inventory:

Hand Weapons
 j - a +0 whip
 Y - a +0 war axe (melded)
Armour
 b - a +0 scale mail (melded)
 c - a +0 buckler (melded)
Jewellery
 a - a ring of magical power
 h - a ring of resist corrosion
Scrolls
 g - a scroll of fog {unknown}
Potions
 d - a potion of might
 e - a potion of attraction {unknown}
 f - a potion of haste {unknown}
 i - a potion of cancellation {unknown}

Dungeon Overview and Level Annotations

Branches:
Dungeon (2/15)

Altars:
Nemelex Xobeh

Shops:
D:2 ?

Annotations:
D:2 1 runed translucent door, Crazy Yiuf, Terence


Message History

You can access your shopping list by pressing '$'.
1103 ||| BUYING scroll of teleportation (39 gold).
k - a scroll of teleportation Thank you for shopping at Pifogam's Magic Scroll Shoppe!
You can access your shopping list by pressing '$'.
1103 ||| SHOPLISTING scroll of teleportation (39 gold, have 28).
You can access your shopping list by pressing '$'.
You see here 4 poisoned darts.
Terence the Incautious comes into view.
He is wielding a +0 hand axe and carrying a wand of polymorph (14).
Found a chain mail.
Terence shouts!
You hear a shout!
You hear an angry hiss.
Terence zaps a wand.
You resist with some effort.
1111 ||| Stepping ~*~*~tactically~*~*~ (hiding).
1112 ||| Stepping ~*~*~tactically~*~*~ (hiding).
You see here 4 poisoned darts.
You start waiting.
Terence is nearby!
Terence hits you with a +0 hand axe.
You slash Terence!
Terence is heavily wounded.
You block Terence's attack. Terence closely misses you.
You slash Terence!
Terence is severely wounded.
Terence hits you with a +0 hand axe.
You completely miss Terence.
Terence is severely wounded.
Terence zaps a wand.
You turn into a bat.
Your +0 war axe melds into your body.
Your +0 buckler melds into your body.
Your +0 scale mail melds into your body.
You hit Terence but do no damage.
Terence is severely wounded.
Terence hits you with a +0 hand axe.
You hit Terence but do no damage.
Terence is severely wounded.
Terence hits you with a +0 hand axe!
1124 ||| READING scroll of teleportation.
As you read the scroll of teleportation, it crumbles to dust.
You feel strangely unstable. Terence hits you with a +0 hand axe!
You die...

##.# # #..# .
#.#####..#
...........#
#...##~~~#.#
.....~~~~~+#####
#...~~\.......#
#..#~~~~~.....#
#..#.~~~...(b.#
#..#..>######@#
#####..#.### #.#
.......#.###### #.#
#####..#..)...###.#
...................
.####.##..#.#####.#
#.##..#.# #.#
#.##..#.# [.#


You could see Terence.

Vanquished Creatures
  Jessica (D:2)
  An adder (D:2)
  A dart slug (D:1)
  5 bats
  2 endoplasms (D:2)
  2 giant cockroaches (D:2)
  A goblin (D:1)
  4 hobgoblins (D:1)
  A kobold (D:2)
  A quokka (D:1)
  4 ball pythons
  2 frilled lizards (D:1)
25 creatures vanquished.

Notes
Turn   | Place    | Note
-------+----------+-------------------------------------------
     0 | D:1      | qw the Gargoyle Fighter began the quest for the Orb.
     0 | D:1      | Reached XP level 1. HP: 14/14 MP: 1/1
     0 | D:1      | 0 ||| qw: Version: 0.1-a-108-g9e35731
     0 | D:1      | 0 ||| qw: Game counter: 6390
     0 | D:1      | 0 ||| qw: Always use a shield: true
     0 | D:1      | 0 ||| qw: God list: Okawaru
     0 | D:1      | 0 ||| qw: Allow faded altars: false
     0 | D:1      | 0 ||| qw: Do Orc after D:15 true
     0 | D:1      | 0 ||| qw: Do second Lair branch before Depths: true
     0 | D:1      | 0 ||| qw: Lair rune preference: random
     0 | D:1      | 0 ||| qw: Plans: Normal, Zot, God:TSO, Crypt, Tomb, Zig,
                  | Orb
     0 | D:1      | 0 ||| PLANNING D:1-11
   222 | D:1      | Found a faded altar of an unknown god.
   228 | D:1      | Reached XP level 2. HP: 18/19 MP: 2/2
   552 | D:1      | 552 ||| READING scroll labelled RINUYVV KUBLON.
   602 | D:1      | 602 ||| READING scroll labelled LUAKKIHYON.
   617 | D:2      | Found Pifogam's Magic Scroll Shoppe.
   617 | D:2      | Noticed Jessica
   622 | D:2      | Killed Jessica
   623 | D:2      | Reached skill level 3 in Axes
   623 | D:2      | Reached XP level 3. HP: 16/23 MP: 3/3
   721 | D:2      | 721 ||| Stepping ~*~*~tactically~*~*~ (stealth).
   722 | D:2      | 722 ||| Stepping ~*~*~tactically~*~*~ (stealth).
   723 | D:2      | 723 ||| Stepping ~*~*~tactically~*~*~ (stealth).
   744 | D:2      | 744 ||| Stepping ~*~*~tactically~*~*~ (stealth).
   752 | D:2      | 752 ||| Stepping ~*~*~tactically~*~*~ (stealth).
   823 | D:2      | Reached XP level 4. HP: 28/28 MP: 4/4
   911 | D:2      | Found a sparkling altar of Nemelex Xobeh.
   937 | D:2      | Found a runed translucent door.
   938 | D:2      | Noticed Crazy Yiuf
  1027 | D:2      | 1027 ||| DROPPING +0 club.
  1103 | D:2      | 1103 ||| SHOPLISTING scroll of blinking (97 gold, have 67).
  1103 | D:2      | 1103 ||| BUYING scroll of teleportation (39 gold).
  1103 | D:2      | Bought a scroll of teleportation for 39 gold pieces
  1103 | D:2      | 1103 ||| SHOPLISTING scroll of teleportation (39 gold, have
                  | 28).
  1110 | D:2      | Noticed Terence
  1111 | D:2      | 1111 ||| Stepping ~*~*~tactically~*~*~ (hiding).
  1112 | D:2      | 1112 ||| Stepping ~*~*~tactically~*~*~ (hiding).
  1123 | D:2      | HP: 6/28 [Terence/+0 hand axe (10)]
  1124 | D:2      | 1124 ||| READING scroll of teleportation.
  1124 | D:2      | Slain by Terence

Levels and vault maps discovered:
D:1:      dpeg_arrival_tiny_a, layout_basic, chequers_ecumenical_altar_island
D:2:      layout_basic, basic_altar, serial_shops, nicolae_shop_waterfront,
          nicolae_titane, uniq_crazy_yiuf_cottage, uniq_jessica, uniq_terence

Skill      XL: |  1  2 |
---------------+-------+-----
Axes           | 2 3 |  3.9
Fighting       | |  3.2
Armour         | |  3.2
Shields        | |  3.2

Action                   |  1- 3 |  4- 6 || total
-------------------------+-------+-------++-------
Melee: War axe           |    82 |    20 ||   102
       Unarmed           |       |     2 ||     2
  Use: Scroll            |     2 |     1 ||     3
Armor: Scale mail        |    48 |    10 ||    58
Dodge: Dodged            |    54 |     5 ||    59
Block: Buckler           |    17 |     4 ||    21

Table legend:
 A = Non-vault XP
 B = Vault XP
 C = Vault XP percentage of total XP
 D = Non-vault monster count
 E = Vault monster count
 F = Vault count percentage of total count
                 A         B        C        D         E       F
            +---------+---------+-------+---------+---------+-------
      Total |      54 |      37 |  40.7 |      24 |       1 |   4.0
            +---------+---------+-------+---------+---------+-------
        D:1 |      27 |       0 |   0.0 |      15 |       0 |   0.0
        D:2 |      27 |      37 |  57.8 |       9 |       1 |  10.0
            +---------+---------+-------+---------+---------+-------
